 Dungeon Crawl Stone Soup version 0.31-a0-996-g3b49de5836 (webtiles) character file.

Game seed: 17967918561394367693

79 BinkBink the Shield-Bearer (level 4, -1/41 HPs)
             Began as a Minotaur Fighter on Nov 7, 2023.
             Slain by an orc wizard
             ... wielding a +0 dagger
              (3 damage)
             ... on level 3 of the Dungeon.
             The game lasted 00:01:40 (1438 turns).

BinkBink the Shield-Bearer (Minotaur Fighter)       Turns: 1438, Time: 00:01:40

Health: -1/41      AC:  7    Str: 23    XL:     4   Next: 17%
Magic:  3/3        EV:  9    Int:  5    God:
Gold:   170        SH:  0    Dex:  9    Spells: 3/3 levels left

rFire   . . .        a - +0 war axe
rCold   . . .        c - +0 buckler
rNeg    . . .        b - +0 scale mail
rPois   .            (helmet restricted)
rElec   .            (no cloak)
rCorr   .            (no gloves)
SInv    .            (no boots)
Will    .....        (no amulet) Stlth
                     (no ring)
HPRegen 0.26/turn    (no ring)
MPRegen 0.08/turn

%: no passive effects
@: confused
A: horns 2, retaliatory headbutt
a: no special abilities


You were on level 3 of the Dungeon.
You visited 1 branch of the dungeon, and saw 3 of its levels.

You collected 170 gold pieces.

Inventory:

Hand Weapons
 a - a +0 war axe (weapon)
Armour
 b - a +0 scale mail (worn)
 c - a +0 buckler (worn)
Scrolls
 g - a scroll of fear {unknown}
 i - a scroll of acquirement {unknown}
 j - a scroll of revelation {unknown}
 m - 2 scrolls of identify {unknown}
 n - a scroll of noise {unknown}
 o - a scroll of enchant weapon {unknown}
 p - a scroll of immolation {unknown}
 q - a scroll of blinking {unknown}
 s - a scroll of teleportation {unknown}
 t - a scroll of fog {unknown}
Potions
 d - 2 potions of might
 e - 2 potions of lignification {unknown}
 f - 2 potions of haste {unknown}
 h - a potion of attraction {unknown}
 k - a potion of enlightenment {unknown}
 l - a potion of mutation {unknown}
 r - a potion of invisibility {unknown}


   Skills:
 + Level 4.3 Fighting
 + Level 3.4 Axes
 + Level 4.3 Armour
 + Level 4.4 Shields


You had 3 spell levels left.
You didn't know any spells.
Your spell library contained the following spells:

 Spells                   Type           Power      Damage    Failure   Level
 Magic Dart               Conj           0%         1d3       83%         1
 Call Imp                 Summ           0%         N/A       93%         2
 Lesser Beckoning         Tloc           0%         N/A       93%         2
 Gell's Gravitas          Tloc           0%         N/A       99%         3
 Mephitic Cloud           Conj/Pois/Air  0%         N/A       99%         3
 Teleport Other           Tloc           0%         N/A       99%         3


Dungeon Overview and Level Annotations

Branches:
Dungeon (3/15)

Altars:

Shops:
D:2 *[(


Innate Abilities, Weirdness & Mutations

You have a pair of horns on your head.
You reflexively headbutt those who attack you in melee.


Message History

You barely miss something.
You hear some strange, mumbled words.
A puff of flame appears from out of thin air!
The puff of flame hits you but does no damage.
You closely miss something. Your headbutt misses something. Something hits you.
You block the hobgoblin's attack. Something completely misses you.
You barely miss something. Your headbutt misses something.
You hit the hobgoblin. Something hits you.
* * * LOW HITPOINT WARNING * * *
The hobgoblin hits you.
* * * LOW HITPOINT WARNING * * *
You closely miss something. You barely miss the hobgoblin. Something hits you.
* * * LOW HITPOINT WARNING * * *
The hobgoblin barely misses you.
You barely miss something. Your headbutt misses something.
You hit the hobgoblin.
You kill the hobgoblin!
Something hits you but does no damage. You block something's attack.
You hit something. Your headbutt misses something.
Something hits you but does no damage.
You barely miss something.
You hear some strange, mumbled words.
You are confused.
You hear some strange, mumbled words.
You are more confused.
You bump into the rock wall.
Something hits you but does no damage.
You closely miss something. Your headbutt misses something.
Something completely misses you.
You completely miss something.
You hear some strange, mumbled words.
You are more confused.
Something hits you.
* * * LOW HITPOINT WARNING * * *
You see here a +0 whip.
You're too confused to move!
Something hits you but does no damage.
Items here: )) [ ††.
You miss something. Something hits you but does no damage. Something hits you.
* * * LOW HITPOINT WARNING * * *
You bump into the rock wall.
Something hits you.
You die...

############# ### ## #..
...##... ..# ##.#
#.####.##.#### #.#
##...##.#..........# #.#
#.....#.#.##.##....###.#
......){).##.#.......<..
#.....#@####.##...####.#
##... #.# #.##.)## #.#
##. ..# #.##..# #.# #
##.. ..##... ..# #.#
#####+# ### #.# ..# .##


There were no monsters in sight!

Vanquished Creatures
  2 adders (D:2)
  A worm (D:2)
  A dart slug (D:1)
  4 orcs (D:3)
  3 ball pythons
  2 bats
  6 endoplasms
  2 giant cockroaches (D:2)
  2 goblins (D:1)
  7 hobgoblins
  3 jackals (D:2)
  4 kobolds
  3 quokkas (D:1)
  A frilled lizard (D:1)
  4 rats
45 creatures vanquished.

Notes
Turn   | Place    | Note
-------+----------+-------------------------------------------
     0 | D:1      | BinkBink the Minotaur Fighter began the quest for the Orb.
     0 | D:1      | Reached XP level 1. HP: 19/19 MP: 0/0
   251 | D:1      | Reached XP level 2. HP: 22/27 MP: 1/1
   938 | D:2      | Reached XP level 3. HP: 33/33 MP: 2/2
  1008 | D:2      | Found Miethrux's Antique Armour Emporium.
  1096 | D:2      | Found Tecealae's General Store.
  1272 | D:2      | Found Ahyo's Weapon Boutique.
  1277 | D:2      | Reached XP level 4. HP: 40/40 MP: 3/3
  1437 | D:3      | HP: 2/41 [something (3)]
  1438 | D:3      | Slain by an orc wizard

Illustrated notes

Levels and vault maps discovered:
D:1:      sevenhm_arrival_forest_fort_large_2, layout_loops_ring,
          due_unseen_surprise
D:2:      layout_rooms, serial_shops, nicolae_shop_bloodbath_and_beyond,
          nicolae_shop_pleasant_corner_grove, nicolae_diamond_shop
D:3:      layout_loops_corners, nicolae_kikubaaqudgha_miasma_corner,
          nicolae_ru_great_annihilating_truth, minmay_rat_hole

Skill      XL: |  1  2 |
---------------+-------+-----
Fighting       | 4 |  4.3
Shields        | 4 |  4.4
Armour         | 4 |  4.3
Axes           | 3 |  3.4

Action                     |  1- 3 |  4- 6 || total
---------------------------+-------+-------++-------
  Melee: War axe           |    72 |    25 ||    97
         Headbutt          |    11 |     1 ||    12
 Armour: Scale mail        |    43 |    44 ||    87
  Dodge: Dodged            |    32 |    11 ||    43
  Block: Buckler           |    13 |     6 ||    19

Table legend: (Time is in decaauts)
 A = Elapsed time spent in this place.
 B = Non-inter-level travel time spent in this place.
 C = Inter-level travel time spent in this place.
 D = Time resting spent in this place.
 E = Time spent auto-exploring this place.
 F = Levels seen in this place.
 G = Mean time per level.
                   A        B        C        D        E       F      G
               +--------+--------+--------+--------+--------+-----+--------+
         Total |   1473 |   1381 |     92 |      0 |   1098 |   3 |  491.0 |
       Dungeon |   1473 |   1381 |     92 |      0 |   1098 |   3 |  491.0 |
               +--------+--------+--------+--------+--------+-----+--------+

Top non-repeatable levels by time:
     D:1: 869 daAuts
     D:2: 535 daAuts
     D:3: 67 daAuts
